 Dungeon Crawl Stone Soup version 0.30-a0-748-ge6a52f7cba (webtiles) character file.

Game seed: 13660190729134286132

1669670 Flugkiller the Maledictor (level 25, 133/210 HPs)
             Began as a Purple Draconian Reaver on Feb 8, 2023.
             Was a Follower of Uskayaw.
             Escaped with the Orb
             ... and 3 runes!
             The game lasted 01:51:18 (67582 turns).

Flugkiller the Maledictor (DrRe)                   Turns: 67582, Time: 01:51:19

Health: 133/210    AC: 24    Str: 23    XL:     25   Next: 82%
Magic:  45/45      EV: 34    Int: 22    God:    Uskayaw [*.....]
Gold:   5301       SH:  8    Dex: 29    Spells: 6/52 levels left

rFire   + + +      SeeInvis +    y - +9 rapier of Caomn {drain, rPois Int+2}
rCold   + . .      Faith    +    T - +0 buckler {rF+}
rNeg    + + .      Spirit   .    (body armour unavailable)
rPois   +          Reflect  .    I - +0 mask of the Dragon {Will+ Slay+3 SInv}
rElec   +          Harm     .    R - +2 cloak {Will+}
rCorr   .          Rampage  .    v - +2 pair of gloves "Xioczuc" {Int+4}
Will    +++++                    a - +5 pair of boots "Puegob" {rC+ rN+ Str+4}
Stlth   +++                      X - amulet of faith
HPRegen 1.35/turn                A - +6 ring of dexterity
MPRegen 0.29/turn                U - ring "Papegg" {*Corrode rElec rF++ rN+ Str+4 Dex+6}

@: hasted, studying 3 skills, very quick
A: breathe power, AC +12, unfitting armour, cold-blooded, horns 1, clumsy 1,
high MP 1, regeneration 1, inability to drink after injury 1
0: Orb of Zot
}: 3/15 runes: decaying, abyssal, gossamer
a: Breathe Dispelling Energy, Renounce Religion, Stomp


You escaped.
You worshipped Uskayaw.
Uskayaw was greatly pleased with you.
You visited 10 branches of the dungeon, and saw 47 of its levels.
You visited the Abyss 2 times.
You also visited: Sewer and Desolation.

You collected 7826 gold pieces.
You spent 2525 gold pieces at shops.

Inventory:

Hand Weapons
 o - the +7 short sword of Caney {distort, Dex+4 SInv}
   (You took it off a deep elf pyromancer on level 3 of the Elven Halls)

   Dex:       It affects your dexterity (+4).
   SInv:      It lets you see invisible.
 y - the +9 rapier of Caomn (weapon) {drain, rPois Int+2}
   (You found it on level 8 of the Dungeon)

   Int:       It affects your intelligence (+2).
   rPois:     It protects you from poison.
Missiles
 L - 19 curare-tipped darts (quivered)
 O - 5 throwing nets
Armour
 a - the +5 pair of boots "Puegob" (worn) {rC+ rN+ Str+4}
   (You found it in the Desolation of Salt)

   Str:       It affects your strength (+4).
   rC:        It protects you from cold.
   rN:        It protects you from negative energy.
 v - the +2 pair of gloves "Xioczuc" (worn) {Int+4}
   (You bought it in a shop on level 2 of the Orcish Mines)

   Int:       It affects your intelligence (+4).
 I - the +0 mask of the Dragon (worn) {Will+ Slay+3 SInv}
   (You bought it in a shop on level 2 of the Orcish Mines)

   Slay:      It affects your accuracy & damage with ranged weapons and melee
   (+3).
   SInv:      It lets you see invisible.
   Will:      It increases your willpower.
 R - a +2 cloak of willpower (worn)
   (You found it on level 11 of the Dungeon)
 T - a +0 buckler of fire resistance (worn)
   (You took it off the Enchantress on level 2 of the Depths)
Jewellery
 e - a ring of wizardry
   (You took it off a yellow draconian on level 5 of the Realm of Zot)
 g - a +5 ring of evasion
   (You took it off an orc wizard on level 7 of the Dungeon)
 m - a ring of willpower
   (You found it on level 3 of the Depths)
 p - a ring of protection from fire
   (You took it off a deep elf zephyrmancer on level 3 of the Elven Halls)
 s - the amulet "Paext" {Regen+ Int+3 Dex+3}
   (You found it in the Desolation of Salt)

   [amulet of regeneration]

   Int:       It affects your intelligence (+3).
   Dex:       It affects your dexterity (+3).
   Regen:     It increases your rate of health regeneration.
 A - a +6 ring of dexterity (left hand)
   (You found it on level 5 of the Dungeon)
 U - the ring "Papegg" (right hand) {*Corrode rElec rF++ rN+ Str+4 Dex+6}
   (You took it off a servant of whispers in the Desolation of Salt)

   [ring of dexterity]

   Str:       It affects your strength (+4).
   Dex:       It affects your dexterity (+6).
   rF:        It greatly protects you from fire.
   rElec:     It insulates you from electricity.
   rN:        It protects you from negative energy.
   *Corrode:  It may corrode you when you take damage.
 X - an amulet of faith (around neck)
   (You found it on level 5 of the Lair of Beasts)
Wands
 F - a wand of mindburst (39)
   (You found it on level 6 of the Dungeon)
 G - a wand of quicksilver (33)
   (You took it off Erolcha on level 11 of the Dungeon)
 K - a wand of digging (16)
   (You took it off a centaur warrior on level 13 of the Dungeon)
 M - a wand of iceblast (61)
   (You found it on level 7 of the Dungeon)
 P - a wand of paralysis (26)
   (You found it on level 10 of the Dungeon)
Scrolls
 b - 13 scrolls of vulnerability
 k - 5 scrolls of fog
 r - 29 scrolls of identify
 t - 9 scrolls of teleportation
 z - 4 scrolls of blinking
 B - 8 scrolls of immolation
 C - 9 scrolls of fear
 D - 2 scrolls of silence
 J - 7 scrolls of magic mapping
 Y - 3 scrolls of poison
Potions
 d - 2 potions of might
 h - 6 potions of haste
 i - 4 potions of invisibility
 l - 12 potions of brilliance
 n - 2 potions of resistance
 q - 8 potions of curing
 u - a potion of mutation
 w - 4 potions of heal wounds
 x - 4 potions of ambrosia
 N - 11 potions of cancellation
 S - 8 potions of attraction
 W - a potion of magic
 Z - 5 potions of berserk rage
Miscellaneous
 c - a tin of tremorstones (2/2)
   (You found it on level 4 of the Depths)
 f - a condenser vane
   (You found it on level 2 of the Vaults)
 j - a phial of floods
   (You found it on level 9 of the Dungeon)
 E - a phantom mirror
   (You found it on level 3 of the Elven Halls)
 H - a box of beasts
   (You found it in the Desolation of Salt)
 Q - a lightning rod (4/4)
   (You found it on level 3 of the Elven Halls)


   Skills:
 - Level 14.0 Fighting
 - Level 13.1(14.0) Short Blades
 - Level 7.9(11.5) Long Blades
 - Level 20.0 Dodging
 + Level 17.7 Stealth
 - Level 7.0 Shields
 - Level 14.0 Spellcasting
 - Level 10.0 Conjurations
 - Level 21.0 Hexes
 - Level 8.0 Summonings
 - Level 15.0 Translocations
 - Level 7.0 Transmutations
 - Level 7.0 Ice Magic
 - Level 5.0 Air Magic
 - Level 20.0 Invocations
 - Level 6.0 Evocations


You had 6 spell levels left.
You knew the following spells:

 Your Spells              Type           Power      Damage    Failure   Level
a - Manifold Assault      Tloc           69%        N/A       1%          4
b - Momentum Strike       Conj/Tloc      100%       3d10      1%          2
c - Hailstorm             Conj/Ice       51%        3d11      1%          3
d - Ozocubu's Armour      Ice            46%        N/A       1%          3
e - Confusing Touch       Hex            82%        N/A       0%          3
f - Summon Mana Viper     Hex/Summ       68%        N/A       1%          5
g - Enfeeble              Hex            41%        N/A       1%          7
h - Vhi's Electric Charg  Tloc/Air       100%       N/A       1%          3
i - Irradiate             Conj/Tmut      25%        3d20      4%          5
j - Wereblood             Tmut           46%        N/A       1%          2
k - Discord               Hex            41%        N/A       6%          8
q - Apportation           Tloc           100%       N/A       0%          1

Your spell library contained the following spells:

 Spells                   Type           Power      Damage    Failure   Level
 Slow                     Hex            100%       N/A       0%          1
 Blink                    Tloc           100%       N/A       0%          2
 Lesser Beckoning         Tloc           100%       N/A       0%          2
 Portal Projectile        Hex/Tloc       100%       N/A       0%          3
 Tukima's Dance           Hex            82%        N/A       0%          3
 Cause Fear               Hex            41%        N/A       0%          4
 Beastly Appendage        Tmut           92%        N/A       1%          1
 Foxfire                  Conj/Fire      100%       2x1d9     1%          1
 Kiss of Death            Conj/Necr      100%       2d13      1%          1
 Magic Dart               Conj           100%       1d8       1%          1
 Shock                    Conj/Air       100%       1d9       1%          1
 Summon Small Mammal      Summ           100%       N/A       1%          1
 Call Imp                 Summ           50%        N/A       1%          2
 Ensorcelled Hibernation  Hex/Ice        100%       N/A       1%          2
 Passwall                 Tmut/Erth      25%        N/A       1%          2
 Searing Ray              Conj           100%       2d8       1%          2
 Call Canine Familiar     Summ           50%        N/A       1%          3
 Frozen Ramparts          Ice            92%        1d14      1%          3
 Gell's Gravitas          Tloc           69%        N/A       1%          3
 Kindle Blastsparks       Fire/Tloc/Air  88%        2d17      1%          3
 Mephitic Cloud           Conj/Pois/Air  37%        N/A       1%          3
 Stone Arrow              Conj/Erth      74%        3d11      1%          3
 Summon Guardian Golem    Hex/Summ       68%        N/A       1%          3
 Swiftness                Air            37%        N/A       1%          3
 Teleport Other           Tloc           69%        N/A       1%          3
 Anguish                  Hex/Necr       28%        N/A       1%          4
 Leda's Liquefaction      Hex/Erth       28%        N/A       1%          4
 Passage of Golubria      Tloc           69%        N/A       1%          4
 Metabolic Englaciation   Hex/Ice        33%        N/A       1%          5
 Yara's Violent Unravell  Hex/Tmut       33%        3d14      1%          5
 Dispersal                Tloc           34%        N/A       1%          6
 Poisonous Vapours        Pois/Air       52%        N/A       2%          2
 Ice Form                 Ice/Tmut       46%        N/A       2%          4
 Summon Ice Beast         Ice/Summ       48%        N/A       2%          4
 Iskenderun's Battlesphe  Conj           56%        2d11      2%          5
 Spider Form              Tmut/Pois      30%        N/A       3%          3
 Necrotise                Necr           60%        1d7       4%          1
 Cigotuvi's Dreadful Rot  Necr/Pois/Air  44%        N/A       4%          2
 Ignite Poison            Fire/Tmut/Pois 25%        N/A       6%          3
 Sticky Flame             Conj/Fire      37%        2d6       6%          4
 Arcjolt                  Conj/Air       24%        1d34      6%          5
 Freezing Cloud           Conj/Ice/Air   23%        6-21      7%          5
 Blade Hands              Tmut           23%        N/A       8%          5
 Petrify                  Tmut/Erth      30%        N/A       12%         4
 Vampiric Draining        Necr           15%        2d7       16%         3
 Fireball                 Conj/Fire      18%        3d9       19%         5
 Conjure Ball Lightning   Conj/Air       24%        3x3d7     34%         6
 Dispel Undead            Necr           15%        3d10      45%         4
 Iron Shot                Conj/Erth      18%        9d4       69%         6
 Starburst                Conj/Fire      18%        6d7       69%         6
 Borgnjor's Vile Clutch   Necr/Erth      7%         N/A       80%         5
 Lee's Rapid Deconstruct  Erth           7%         3d7*      80%         5
 Eringya's Noxious Bog    Tmut/Pois      15%        N/A       88%         6
 Simulacrum               Ice/Necr       15%        N/A       88%         6
 Statue Form              Tmut/Erth      20%        N/A       88%         6
 Disjunction              Tloc           34%        N/A       56%         8
 Spellforged Servitor     Conj/Summ      26%        N/A       71%         7
 Monstrous Menagerie      Summ           25%        N/A       85%         7
 Summon Hydra             Summ           25%        N/A       85%         7
 Dragon Form              Tmut           23%        N/A       94%         7
 Storm Form               Tmut/Air       20%        N/A       98%         7
 Lehudib's Crystal Spear  Conj/Erth      18%        10d6      100%        8
 Maxwell's Capacitive Co  Air            18%        ∞         100%        8
 Necromutation            Tmut/Necr      15%        N/A       100%        8
 Dragon's Call            Summ           25%        N/A       100%        9
 Fire Storm               Conj/Fire      18%        8d5       100%        9
 Shatter                  Erth           7%         3d10*     100%        9


Dungeon Overview and Level Annotations

Branches:
Dungeon (15/15)            Temple (1/1) D:5            Lair (5/5) D:11
  Swamp (4/4) Lair:3       Spider (4/4) Lair:3        Slime (0/5) Lair:5
    Orc (2/2) D:9             Elf (3/3) Orc:2        Vaults (4/5) D:14
  Crypt (0/3) Vaults:2     Depths (4/4) D:15            Zot (5/5) Depths:4
  Sewer (visited)         Desolation (visited)

Altars:
Ashenzari
Cheibriados
Dithmenos
Elyvilon
Fedhas
Gozag
Hepliaklqana
Kikubaaqudgha
Makhleb
Nemelex Xobeh
Okawaru
Qazlal
Ru
Sif Muna
Trog
Uskayaw
Vehumet
Wu Jian
Xom
Yredelemnul
Zin
The Shining One
Jiyva
Lugonu

Shops:
D:1 (   D:7 !?(([   Orc:2 ?([(   Elf:2 ([*[   Vaults:3 (   Depths:2 :

Portals:
Hell: Depths:1 Depths:2 Depths:3 Depths:4
Abyss: Depths:3
Pandemonium: Depths:2
Ziggurat: Depths:3

Annotations:
D:2 1 runed translucent door, Crazy Yiuf
D:5 2 transporters
Lair:5 exclusion: oklob plant
Spider:1 1 runed translucent door, conein's ghost, journeyman FeCj
Orc:1 2 runed translucent doors, Vuem's ghost, journeyman MiBe
Depths:2 3 runed translucent doors
Zot:2 1 runed translucent door, Meskin's ghost, legendary DjCj


Innate Abilities, Weirdness & Mutations

You can breathe bolts of dispelling energy.
Your rich purple scales are hard. (AC +12)
You cannot fit into any form of body armour.
You are cold-blooded and may be slowed by cold attacks.
You have a pair of small horns on your head.
You are clumsy. (Dex -2)
You have an increased reservoir of magic. (+10% MP)
Your natural rate of healing is unusually fast.
You occasionally lose the ability to drink potions when taking damage.


Message History

You see here a +0 club.
An ogre is nearby!
Unknown command.
There is an open door here.
The ogre shouts!
Casting: Manifold Assault (safe; 1% risk of failure)
Confirm with . or Enter, or press ? or * to list all spells.
Charge where?
Press: ? - help, Dir - move target, f - ogre
Aim: an ogre, wielding a +0 giant spiked club (95% to hit)
You charge forward with an electric crackle!
You impale the ogre and electrocute it!!
You headbutt the ogre.
You kill the ogre!
No target in view!
No target in view!
There is a stone staircase leading up here.
You climb upwards.
There is a stone staircase leading down here.
(D) Dungeon (T) Temple (L) Lair (S) Swamp (N) Spider Nest (M) Slime Pits (O) Orcish Mines (E) Elven Halls (V) Vaults (C) Crypt (U) Depths (H) Hell (Z) Zot
Where to? (Enter - D:1 @ (x,y), ? - help) Magic restored.
Things that are here:
a +0 robe; a +0 dagger
There is a stone staircase leading up here.
You climb upwards.
There is a stone staircase leading down here.
There is a stone staircase leading up here.
You climb upwards.
Level annotation: 1 runed translucent door, Crazy Yiuf
There is a stone staircase leading down here.
There is a stone staircase leading up, spattered with blood here.
You climb upwards.
There is a stone staircase leading down here.
An Orb Guardian comes into view.
Casting: Vhi's Electric Charge (safe; 1% risk of failure)
Confirm with . or Enter, or press ? or * to list all spells.
Charge where?
Press: ? - help, Dir - move target, f - Orb Guardian
Aim: an Orb Guardian (84% to hit)
You charge forward with an electric crackle!
You closely miss the Orb Guardian. You headbutt the Orb Guardian!!
The Orb Guardian is moderately wounded.
The Orb Guardian barely misses you.
You puncture the Orb Guardian! You drain the Orb Guardian.
You headbutt the Orb Guardian, but do no damage.
You tail-slap the Orb Guardian.
The Orb Guardian is moderately wounded.
The Orb Guardian hits you!!
You puncture the Orb Guardian! You headbutt the Orb Guardian.
The Orb Guardian is heavily wounded.
You can now pass through a line of other dancers.
You closely miss the Orb Guardian. You headbutt the Orb Guardian.
The Orb Guardian is heavily wounded.
The Orb Guardian completely misses you.
You miss the Orb Guardian. Your headbutt misses the Orb Guardian.
Your tail-slap misses the Orb Guardian.
The Orb Guardian is heavily wounded.
The Orb Guardian completely misses you.
You closely miss the Orb Guardian. Your headbutt misses the Orb Guardian.
You tail-slap the Orb Guardian.
The Orb Guardian is severely wounded.
The Orb Guardian hits you!
You hit the Orb Guardian. You drain the Orb Guardian.
You headbutt the Orb Guardian.
You tail-slap the Orb Guardian, but do no damage.
The Orb Guardian is severely wounded.
You hit the Orb Guardian.
The Orb Guardian is severely wounded.
You block the Orb Guardian's attack.
You miss the Orb Guardian.
The Orb Guardian is severely wounded.
The Orb Guardian completely misses you.
You puncture the Orb Guardian! Your headbutt misses the Orb Guardian.
The Orb Guardian is almost dead.
Uskayaw will force your foes to helplessly watch your dance.
Uskayaw prepares the audience for your solo!
The helpless Orb Guardian fails to defend itself.
You skewer the Orb Guardian like a kebab!!!!!
You kill the Orb Guardian!
(D) Dungeon (T) Temple (L) Lair (S) Swamp (N) Spider Nest (M) Slime Pits (O) Orcish Mines (E) Elven Halls (V) Vaults (C) Crypt (U) Depths (H) Hell (Z) Zot
Where to? (Enter - D:1 @ (x,y), ? - help) Magic restored.
An Ice Fiend comes into view.
Unknown command.
The Ice Fiend calls on the powers of darkness!
Your body is wracked with pain!
As you read the scroll of fog, it crumbles to dust.
The scroll dissolves into smoke.
You feel yourself speed up.
There is an open door here.
There is a staircase leading out of the dungeon here.
Enter note: gg You have escaped!

.............##...#.......####.##
..............##..###.#.........#
...............#..# #.###########
.............8.#..# #.#
...............#..# #.#
....§.........##..###.#
...§.........##...#...#
.§§§.§§......#....#.###
.§§§§§§......'..@.'.#
.§§§§§§......#....#.#
#########.#..##...#.# #
#.#...##..#.#
#########.#....#..#.#
#.........#..8.#..#.#
#....######....#..#.# #....####
#...##..#.# #.......# #..##...#.#


There were no monsters in sight!

Vanquished Creatures
  2 dread liches
  3 ancient liches
  9 orbs of fire (Zot:5)
  3 juggernauts
  The ghost of Jyprain the Pyromancer, a veteran DrFE of Vehumet (Depths:4)
  Boris (Depths:4)
  4 Killer Klowns (Zot:5)
  Parghit (Zot:4)
  2 curse toes
  Xtahua (Depths:4)
  the Enchantress (Depths:2)
  2 golden dragons (Zot:5)
  A caustic shrike (Depths:2)
  3 electric golems
  6 tentacled monstrosities
  27 Orb Guardians
  2 walking crystal tomes
  12 liches
  2 quicksilver dragons
  2 tentacled starspawn (Abyss:3)
  2 deep elf blademasters (Elf:3)
  2 deep elf master archers (Elf:3)
  The ghost of Puodgh the Phalangite, an adept MfGl of Kikubaaqudgha (Depths:4)
  7 sphinxes
  2 thorn hunters (Swamp:3)
  7 tengu reavers
  Kirke (Lair:4)
  A fenstrider witch (Swamp:4)
  8 storm dragons
  3 draconian monks
  3 draconian knights
  7 fire giants
  8 frost giants
  An imperial myrmidon (Desolation)
  4 ghost moths
  5 deep elf sorcerers
  6 emperor scorpions
  A draconian scorcher (Zot:5)
  7 vault wardens
  Louise (Swamp:2)
  2 ghouls (Swamp:4)
  3 draconian shifters
  5 deep elf elementalists (Elf:3)
  An iron dragon (Depths:1)
  4 draconian stormcallers
  An orc warlord (Vaults:3)
  7 ironbound thunderhulks
  16 ironbound preservers
  A caustic shrike skeleton (Depths:2)
  A war gargoyle (Vaults:1)
  3 spriggan defenders
  5 stone giants
  27 very ugly things
  3 vampire knights
  6 green draconians
  3 broodmothers (Spider:4)
  4 deep elf demonologists
  A lorocyproca (Depths:1)
  2 eleionomae
  5 purple draconians
  9 deep elf annihilators (Elf:3)
  6 white draconians
  Nessos (D:12)
  3 black draconians
  8 red draconians
  2 halazid warlocks (Desolation)
  14 spark wasps
  5 dire elephants
  6 bunyips
  7 yellow draconians
  A blizzard demon (D:11)
  3 deep elf death magi (Elf:3)
  An eidolon (Vaults:2)
  5 ettins
  7 fire dragons
  5 deep elf high priests (Elf:3)
  3 shambling mangroves
  6 yaktaur captains
  11 ragged hierophants (Desolation)
  6 crystal guardians
  Snorg (D:10)
  3 entropy weavers
  Harold (Lair:1)
  A jiangshi (Abyss:2)
  5 great orbs of eyes
  3 vault guards
  3 rakshasas
  9 ice dragons
  Erolcha (D:11)
  21 hydras
  2 salamander tyrants (Depths:3)
  3 ogre magi
  6 spriggan air magi
  3 ghost crabs
  13 servants of whispers (Desolation)
  An anaconda (Lair:4)
  2 radroaches (Spider:3)
  7 peacekeepers
  3 starcursed masses (Abyss:2)
  8 ironbound frosthearts
  Erica (D:8)
  10 alligators
  A catoblepas (Lair:5)
  A death knight (D:13)
  12 boulder beetles
  2 death yaks
  7 centaur warriors
  13 two-headed ogres
  8 deep troll shamans
  6 tengu warriors
  3 hell hogs
  27 dancing weapons
  17 deep troll earth magi
  4 orc high priests
  5 spriggan berserkers
  3 vampire magi
  9 hell knights
  A thrashing horror (Abyss:3)
  Nergalle (D:10)
  3 sun demons
  A wretched star (Abyss:3)
  A soul eater (Depths:2)
  A spectral catoblepas (Lair:3)
  22 deep elf knights
  4 sun moths
  8 iron trolls
  Lodul (D:10)
  4 goliath frogs
  2 sea snakes (shapeshifter) (Depths:3)
  5 pharaoh ants
  6 skeletal warriors
  78 deep trolls
  A salamander mystic (Depths:3)
  2 spriggan druids
  4 glowing orange brains
  4 wizards
  9 bog bodies
  9 orb spiders
  4 flayed ghosts
  A lindwurm (shapeshifter) (Depths:1)
  A spectral hydra (Lair:3)
  5 steelbarb worms
  7 lindwurms
  4 phantasmal warriors
  13 ironbound convokers
  11 swamp dragons
  Pikel (D:4)
  An orange crystal statue (Vaults:1)
  3 necromancers
  35 deep elf pyromancers
  10 orc knights
  20 deep elf archers
  An iron dragon zombie (Depths:2)
  27 ugly things
  29 deep elf zephyrmancers
  15 wolf spiders
  5 cyclopes
  5 orc sorcerers
  A shining eye (Zot:5)
  4 will-o-the-wisps
  A moth of wrath (shapeshifter) (Depths:4)
  6 salamanders
  10 large abominations
  2 manticores
  18 moths of wrath
  18 elephants
  8 black mambas
  11 vault sentinels
  6 demonic crawlers
  11 torpor snails
  A molten gargoyle (Desolation)
  2 guardian serpents (Desolation)
  2 gargoyles
  13 cane toads
  7 smoke demons
  2 orange demons
  A hellion (Depths:1)
  Maurice (D:11)
  A rime drake (Lair:4)
  2 centaur skeletons (D:15)
  2 unseen horrors
  A dire elephant skeleton (Abyss:2)
  2 freezing wraiths
  A kobold demonologist (D:9)
  Maggie (D:10)
  10 komodo dragons
  14 yaktaurs
  4 tengu conjurers
  Psyche (D:12)
  8 trolls
  A meliai (Spider:4)
  12 polar bears
  6 tyrant leeches
  22 hornets
  22 tarantellas
  10 blink frogs
  3 dream sheep
  7 raiju
  2 spectral elephants (Lair:3)
  68 saltlings
  2 spectral dream sheep (Lair:3)
  9 spriggans
  A fire giant simulacrum (Depths:2)
  23 slime creatures
  A culicivora (shapeshifter) (D:13)
  An air elemental (Elf:2)
  26 jumping spiders
  A meliai zombie (D:15)
  12 water elementals
  A ynoxinul (Abyss:3)
  4 wyverns
  5 wraiths
  42 yaks
  2 vampires
  6 basilisks
  17 culicivoras
  5 fire bats
  3 hogs (Lair:4)
  A spectral komodo dragon (Lair:3)
  4 fire elementals
  39 redbacks
  4 chaos spawn
  3 steam dragons
  A spectral cane toad (Lair:3)
  15 vampire mosquitoes
  2 neqoxecs
  A spriggan simulacrum (Depths:2)
  6 wargs
  Edmund (D:4)
  11 swamp worms
  An acid dragon (D:7)
  20 hell hounds
  19 water moccasins
  Duvessa (D:4)
  3 floating eyes
  7 swamp drakes (Swamp:4)
  A meliai simulacrum (D:13)
  25 orc warriors
  A spectral torpor snail (Lair:3)
  4 ice beasts
  2 sky beasts
  13 black bears
  21 wolves
  18 ogres
  5 centaurs
  4 kobold brigands
  2 lemures (D:4)
  A phantom (D:6)
  18 bullfrogs
  5 necrophages
  8 scorpions
  2 earth elementals (Elf:2)
  A gnoll sergeant (D:4)
  A small abomination (Abyss:3)
  Dowan (D:4)
  22 wights
  A killer bee (shapeshifter) (D:14)
  A killer bee (D:7)
  7 howler monkeys
  3 vampire bats (D:8)
  2 electric eels (Lair:4)
  A lava snake (D:15)
  7 orc priests
  4 hounds
  4 jellies
  Jessica (D:2)
  3 gnoll boudas
  6 iguanas
  A hell rat (Lair:4)
  21 orc wizards
  7 gnolls
  10 adders
  A river rat (D:4)
  2 shadow imps (D:7)
  3 white imps
  A worm (D:2)
  3 dart slugs
  88 orcs
  3 ball pythons
  4 bat skeletons (D:8)
  2 bat zombies (D:8)
  3 endoplasms
  5 giant cockroaches
  4 goblins
  7 hobgoblins
  2 jackals (D:1)
  3 quokkas
  18 bats
  3 frilled lizards
  19 kobolds
  12 rats
  A briar patch (Swamp:3)
  A pillar of salt (Desolation)
  A starspawn tentacle (Abyss:3)
2006 creatures vanquished.

Vanquished Creatures (collateral kills)
  A servant of whispers (Desolation)
1 creature vanquished.

Vanquished Creatures (others)
  Asterion (Vaults:3)
  A jiangshi (Abyss:1)
  A deep elf knight (Elf:3)
  2 bloated husks (Swamp:1)
  A water elemental (Elf:3)
  A chaos spawn (Abyss:3)
  An orc wizard (D:5)
  A briar patch (Swamp:3)
  A bush (Lair:5)
  12 foxfires
  18 fungi
  107 plants
  3 starspawn tentacles (Abyss:3)
150 creatures vanquished.

Grand Total: 2157 creatures vanquished

Notes
Turn   | Place    | Note
-------+----------+-------------------------------------------
     0 | D:1      | Flugkiller the Draconian Reaver began the quest for the
                  | Orb.
     0 | D:1      | Reached XP level 1. HP: 17/17 MP: 3/3
   258 | D:1      | Found Qaremeff's Weapon Emporium.
   323 | D:1      | Reached skill level 1 in Translocations
   333 | D:1      | Reached XP level 2. HP: 23/24 MP: 5/5
   523 | D:1      | Learned a level 2 spell: Momentum Strike
  1056 | D:2      | Reached XP level 3. HP: 24/29 MP: 1/6
  1303 | D:2      | Noticed Jessica
  1305 | D:2      | Killed Jessica
  1306 | D:2      | Reached XP level 4. HP: 38/38 MP: 4/7
  1376 | D:2      | Found an iron altar of Okawaru.
  1533 | D:2      | Found a runed translucent door.
  1534 | D:2      | Noticed Crazy Yiuf
  2030 | D:3      | Reached XP level 5. HP: 42/45 MP: 9/9
  2076 | D:3      | Found a radiant altar of Vehumet.
  2134 | D:3      | Reached skill level 1 in Shields
  2430 | D:4      | Noticed Edmund
  2460 | D:4      | Killed Edmund
  2461 | D:4      | Reached XP level 6. HP: 21/52 MP: 10/10
  2614 | D:4      | Found a glowing drain.
  2645 | Sewer    | Entered a sewer
  2685 | Sewer    | Noticed a water moccasin
  2697 | Sewer    | Killed a water moccasin
  2698 | Sewer    | Reached skill level 5 in Fighting
  3091 | D:4      | Noticed Duvessa
  3122 | D:4      | Killed Duvessa
  3123 | D:4      | Reached skill level 1 in Ice Magic
  3123 | D:4      | Your scales start taking on a rich purple colour.
  3123 | D:4      | Reached XP level 7. HP: 40/63 MP: 9/12
  3142 | D:4      | Noticed Dowan
  3210 | D:4      | Killed Dowan
  3438 | D:4      | Noticed Pikel
  3482 | D:4      | Killed Pikel
  3483 | D:4      | Reached skill level 5 in Conjurations
  3483 | D:4      | Reached XP level 8. HP: 64/70 MP: 11/13
  3507 | D:4      | Identified the +1 dagger "Mesanasi" {flame, SInv}
  3633 | D:4      | Found a sacrificial altar of Ru.
  3791 | D:4      | Became a worshipper of Ru the Awakened
  3835 | D:5      | Entered Level 5 of the Dungeon
  3904 | D:5      | Noticed a kobold demonologist
  3908 | D:5      | Found a transporter.
  3911 | D:5      | Found a transporter.
  4142 | D:4      | Reached skill level 5 in Ice Magic
  4327 | D:4      | Reached skill level 5 in Long Blades
  4398 | D:5      | Found a white marble altar of Elyvilon.
  4489 | D:5      | Found a staircase to the Ecumenical Temple.
  4532 | D:5      | Reached XP level 9. HP: 61/75 MP: 14/14
  5079 | Temple   | Entered the Ecumenical Temple
  5107 | Temple   | Fell from the grace of Ru
  5107 | Temple   | Became a worshipper of Uskayaw the Reveller
  5152 | D:5      | Reached * piety under Uskayaw
  5221 | D:6      | Reached ** piety under Uskayaw
  5223 | D:6      | Reached skill level 5 in Spellcasting
  5294 | D:6      | Reached *** piety under Uskayaw
  5297 | D:6      | Reached **** piety under Uskayaw
  5305 | D:6      | Reached skill level 1 in Invocations
  5305 | D:6      | Reached ***** piety under Uskayaw
  5321 | D:6      | Reached ****** piety under Uskayaw
  5607 | D:6      | Reached skill level 5 in Invocations
  5830 | D:6      | Learned a level 3 spell: Hailstorm
  5834 | D:6      | Learned a level 3 spell: Ozocubu's Armour
  6014 | D:6      | Reached skill level 1 in Short Blades
  6322 | D:7      | Found Naxt's Antique Weapon Shop.
  6335 | D:7      | Found Oluhy's Magic Scroll Boutique.
  6377 | D:7      | Reached XP level 10. HP: 84/84 MP: 14/17
  6427 | D:7      | Bought a scroll of blinking for 82 gold pieces
  6427 | D:7      | Bought a scroll of magic mapping for 82 gold pieces
  6459 | D:7      | Found Dakimueq's Armour Emporium.
  6547 | D:7      | Found Naukh's Antique Weapon Boutique.
  6598 | D:7      | Noticed a green ugly thing
  6878 | D:7      | Killed a cyan ugly thing
  7241 | D:7      | Found Yskasose's Distillery.
  7257 | D:7      | Bought a potion of mutation for 96 gold pieces
  7387 | D:8      | Noticed a two-headed ogre
  7398 | D:8      | Killed a two-headed ogre
  7588 | D:8      | Reached skill level 5 in Short Blades
  7602 | D:8      | Reached XP level 11. HP: 80/94 MP: 18/18
  7631 | D:8      | Identified the +9 rapier of Caomn {drain, rPois Int+2}
  7657 | D:8      | Found a glowing golden altar of the Shining One.
  7765 | D:8      | Found an ancient bone altar of Kikubaaqudgha.
  7833 | D:8      | Noticed Erica
  8105 | D:8      | Killed Erica
  8223 | D:8      | Found an iron altar of Okawaru.
  8223 | D:8      | Found a bloodstained altar of Trog.
  8328 | D:8      | Found a blossoming altar of Fedhas.
  8333 | D:8      | Found a stormy altar of Qazlal.
  8451 | D:8      | Found a shimmering blue altar of Sif Muna.
  9077 | D:9      | Found a staircase to the Orcish Mines.
  9715 | D:9      | Noticed a two-headed ogre
  9731 | D:9      | Killed a two-headed ogre
  9815 | D:9      | Found a broken altar of Ashenzari.
 10051 | D:10     | Entered Level 10 of the Dungeon
 10051 | D:10     | Noticed a two-headed ogre
 10061 | D:10     | Killed a two-headed ogre
 10093 | D:10     | Noticed Snorg
 10109 | D:10     | Killed Snorg
 10110 | D:10     | Reached skill level 5 in Dodging
 10315 | D:10     | Noticed Maggie
 10335 | D:10     | Killed Maggie
 10343 | D:10     | Noticed Lodul
 10358 | D:10     | Killed Lodul
 10666 | D:11     | Noticed Erolcha
 10694 | D:11     | Killed Erolcha
 10696 | D:11     | Noticed Maurice
 10699 | D:11     | Noticed Nergalle
 10701 | D:11     | Noticed a skeletal warrior
 10702 | D:11     | Noticed a skeletal warrior
 10803 | D:11     | Noticed a two-headed ogre
 10809 | D:11     | Killed a two-headed ogre
 10810 | D:11     | Reached skill level 10 in Fighting
 10810 | D:11     | Reached XP level 12. HP: 106/106 MP: 19/19
 10920 | D:11     | Killed Maurice
 10965 | D:10     | Killed Nergalle
 10994 | D:11     | Reached skill level 1 in Evocations
 11398 | D:11     | Noticed a two-headed ogre
 11405 | D:11     | Killed a two-headed ogre
 11921 | D:11     | Reached skill level 5 in Evocations
 12087 | D:11     | Found a staircase to the Lair.
 12421 | Lair:1   | Entered Level 1 of the Lair of Beasts
 12785 | Lair:1   | Noticed Harold
 12808 | Lair:1   | Killed Harold
 12859 | Lair:1   | Noticed a death yak
 12871 | Lair:1   | Killed a death yak
 12883 | Lair:1   | Reached skill level 10 in Dodging
 13002 | Lair:1   | Identified the +0 pair of boots of Pathos {Str+2 Int+4}
 13323 | Lair:2   | Reached XP level 13. HP: 111/116 MP: 20/20
 13324 | Lair:2   | Reached skill level 10 in Invocations
 13473 | Lair:2   | Identified the +1 robe of Benevolence {Int+5}
 14256 | Lair:3   | Found a hole to the Spider Nest.
 14461 | Lair:3   | Found a staircase to the Swamp.
 14947 | Lair:3   | Found a radiant altar of Vehumet.
 15580 | Lair:4   | Reached skill level 10 in Short Blades
 15739 | Lair:4   | You fall into a shaft and drop 1 floor!
 15739 | Lair:5   | Entered Level 5 of the Lair of Beasts
 16065 | Lair:5   | Found a runed translucent door.
 16076 | Lair:5   | Noticed a fire dragon
 16251 | Lair:5   | Reached XP level 14. HP: 111/124 MP: 14/23
 17041 | Lair:5   | Found a viscous altar of Jiyva.
 17179 | Lair:5   | Found a staircase to the Slime Pits.
 17405 | Lair:5   | Paralysed by a hornet for 1 turns
 17411 | Lair:5   | Paralysed by a hornet for 2 turns
 17734 | Lair:5   | Reached skill level 5 in Translocations
 18286 | Lair:4   | Noticed Sonja
 18287 | Lair:4   | Sonja changed into Sonja the water moccasin
 18287 | Lair:4   | Noticed Sonja
 18292 | Lair:4   | Killed Sonja the water moccasin
 18804 | Lair:4   | Noticed Kirke
 18815 | Lair:4   | Killed Kirke
 18847 | Lair:4   | Reached XP level 15. HP: 103/129 MP: 27/27
 18859 | Lair:4   | Identified the +5 trident of Demand {heavy, rN+}
 19299 | D:7      | Bought a scroll of acquirement for 572 gold pieces
 19937 | D:12     | Noticed Psyche
 19948 | D:12     | Killed Psyche
 19988 | D:12     | Noticed Nessos
 20000 | D:12     | Killed Nessos
 20001 | D:12     | Reached skill level 1 in Hexes
 20121 | D:12     | Learned a level 4 spell: Manifold Assault
 20177 | D:12     | Identified the +5 ring mail "Qoj Ugey" {Harm Rampage Str+3}
 20795 | D:11     | Reached skill level 2 in Hexes
 21173 | D:13     | Reached skill level 10 in Translocations
 21566 | D:13     | Reached skill level 3 in Hexes
 21832 | D:13     | Reached skill level 4 in Hexes
 22588 | D:14     | Reached skill level 5 in Hexes
 22755 | D:14     | Found a gate to the Vaults.
 22853 | D:14     | Reached skill level 10 in Spellcasting
 22854 | D:14     | Reached skill level 6 in Hexes
 23448 | D:15     | Entered Level 15 of the Dungeon
 23468 | D:15     | Reached skill level 7 in Hexes
 23678 | D:15     | Found a bloodstained altar of Trog.
 23889 | D:15     | Found a staircase to the Depths.
 23898 | D:15     | Reached skill level 8 in Hexes
 24404 | Orc:1    | Entered Level 1 of the Orcish Mines
 24417 | Orc:1    | Reached skill level 9 in Hexes
 24475 | Orc:1    | Found a large runed translucent door.
 24475 | Orc:1    | Found a large runed translucent door.
 24478 | Orc:1    | Noticed Vuem's ghost (journeyman MiBe)
 24586 | Orc:2    | Entered Level 2 of the Orcish Mines
 24709 | Orc:2    | Found a staircase to the Elven Halls.
 25350 | Orc:2    | Reached XP level 16. HP: 99/137 MP: 30/30
 25356 | Orc:2    | Found Amoubap's Armour Shoppe.
 25359 | Orc:2    | Reached skill level 10 in Hexes
 25549 | Orc:2    | Found Zyfenuc's Weapon Shoppe.
 25557 | Orc:2    | Bought the +0 mask of the Dragon {Will+ Slay+3 SInv} for
                  | 501 gold pieces
 25557 | Orc:2    | Found the +0 mask of the Dragon {Will+ Slay+3 SInv}
 25613 | Orc:2    | Found Yghirr's Weapon Boutique.
 25855 | Orc:2    | Found Morhoiz's Magic Scroll Shoppe.
 25878 | Orc:2    | Bought a scroll of blinking for 105 gold pieces
 25897 | Orc:2    | Bought the +2 pair of gloves "Xioczuc" {Int+4} for 448 gold
                  | pieces
 26094 | Spider:1 | Entered Level 1 of the Spider Nest
 26376 | Spider:1 | Reached skill level 5 in Shields
 26836 | Spider:1 | Found a runed translucent door.
 26837 | Spider:1 | Noticed conein's ghost (journeyman FeCj)
 27921 | Spider:2 | Identified the +1 leather armour of Circular Logic {rElec
                  | Int+3 Dex-3}
 29338 | Spider:3 | Learned a level 3 spell: Confusing Touch
 29975 | Spider:3 | Found the +8 whip "Snakebite" {venom, curare, rPois}
 30167 | Spider:4 | Entered Level 4 of the Spider Nest
 31322 | Spider:4 | Reached XP level 17. HP: 146/146 MP: 22/31
 31848 | Spider:4 | Got a gossamer rune of Zot
 32241 | Spider:4 | Reached XP level 18. HP: 159/159 MP: 32/32
 32337 | Swamp:1  | Entered Level 1 of the Swamp
 33735 | Swamp:2  | Reached skill level 11 in Hexes
 33882 | Swamp:2  | Noticed Louise
 33900 | Swamp:2  | Killed Louise
 34949 | Swamp:3  | Reached skill level 12 in Hexes
 35404 | Swamp:4  | Entered Level 4 of the Swamp
 35432 | Swamp:4  | Reached skill level 13 in Hexes
 36256 | Swamp:4  | Reached skill level 14 in Hexes
 36689 | Swamp:4  | Got a decaying rune of Zot
 36781 | Swamp:4  | Reached skill level 15 in Hexes
 37203 | Vaults:1 | Entered Level 1 of the Vaults
 37433 | Vaults:1 | Reached XP level 19. HP: 167/167 MP: 4/33
 38693 | Vaults:1 | Reached skill level 16 in Hexes
 39432 | Vaults:1 | Learned a level 5 spell: Summon Mana Viper
 39454 | Vaults:2 | Reached skill level 1 in Summonings
 39617 | Vaults:1 | Learned a level 7 spell: Enfeeble
 39621 | Vaults:1 | Learned a level 3 spell: Vhi's Electric Charge
 39710 | Vaults:2 | Reached skill level 1 in Air Magic
 40707 | Vaults:2 | Reached skill level 17 in Hexes
 41132 | Vaults:2 | Found a staircase to the Crypt.
 41325 | Vaults:3 | Reached skill level 5 in Summonings
 41689 | Vaults:3 | Reached skill level 1 in Stealth
 41926 | Vaults:3 | Noticed Asterion
 41940 | Vaults:3 | Killed Asterion
 41941 | Vaults:3 | Reached skill level 5 in Air Magic
 42124 | Vaults:3 | Reached XP level 20. HP: 109/174 MP: 36/36
 42287 | Vaults:3 | Found Emiux's Antique Weapon Shop.
 43178 | Vaults:4 | Found a crumbling gateway.
 43192 | Desolati | Entered the Desolation of Salt
 43381 | Desolati | Got the Codex of Dislocation and Leadership
 43386 | Desolati | Got the Opusculum on the Feculent Snowflakes
 43388 | Desolati | Identified the +5 pair of boots "Puegob" {rC+ rN+ Str+4}
 43520 | Desolati | Reached skill level 5 in Stealth
 43906 | Desolati | Identified the ring "Papegg" {*Corrode rElec rF++ rN+ Str+4
                  | Dex+6}
 44286 | Desolati | Got the Essays on Weathered Ashes
 44296 | Desolati | Got the Vademecum on the Shift
 44306 | Desolati | Identified the amulet "Paext" {Regen+ Int+3 Dex+3}
 44484 | Desolati | Got the Compendium of the Nightingale
 44563 | Desolati | Got the Almanac of Generative Hypothermia
 44566 | Desolati | Got the Almanac of the Winter and the Fifth Circle
 44570 | Desolati | Got the Catalogue of the Warped Oath
 45234 | Vaults:4 | Reached skill level 10 in Stealth
 46077 | Vaults:4 | Identified the +4 long sword of True Grit {freeze, rN+
                  | Dex+5}
 46205 | Vaults:4 | Reached XP level 21. HP: 114/181 MP: 26/38
 46346 | Vaults:4 | Learned a level 5 spell: Irradiate
 46403 | Vaults:4 | Reached skill level 1 in Transmutations
 46804 | Elf:1    | Entered Level 1 of the Elven Halls
 46824 | Elf:1    | You fall into a shaft and drop 1 floor!
 46969 | Elf:2    | Found Xav Ojedd's Antique Armour Shoppe.
 47098 | Elf:2    | Found Pughifih's Antique Armour Emporium.
 47110 | Elf:2    | Bought a glowing orb for 336 gold pieces
 47399 | Elf:2    | Found a runed translucent gate.
 47399 | Elf:2    | Found a runed translucent gate.
 47399 | Elf:2    | Found a runed translucent gate.
 47834 | Elf:2    | Found Puelot's Antique Weapon Boutique.
 47834 | Elf:2    | Found Ilua's General Store.
 47850 | Elf:2    | Bought a scroll of blinking for 127 gold pieces
 48415 | Elf:1    | Reached skill level 15 in Invocations
 49060 | Elf:1    | Reached skill level 5 in Transmutations
 49217 | Elf:3    | Entered Level 3 of the Elven Halls
 49268 | Elf:3    | Identified the +7 short sword of Caney {distort, Dex+4
                  | SInv}
 50663 | Elf:3    | Identified the +10 broad axe "Neafeu" {freeze, rElec}
 51061 | Elf:3    | Reached skill level 10 in Conjurations
 51071 | Elf:3    | Identified the +6 chain mail of the Arcane {-Cast Harm
                  | rElec Regen+}
 51405 | Elf:3    | Reached XP level 22. HP: 169/189 MP: 22/39
 51597 | Elf:3    | Got the Folio of the Cwm
 51602 | Elf:3    | Got the Vellum of Shapeshifting
 51646 | Elf:3    | Learned a level 2 spell: Wereblood
 51970 | Depths:1 | Entered Level 1 of the Depths
 52959 | Depths:1 | Found a gateway to Hell.
 53069 | Depths:1 | Identified the +1 war axe of Qazlal's Fury {protect, *Noise
                  | rC+++ Will+ Int+2}
 53183 | Depths:2 | Found Bopeafeo's Book Shop.
 53196 | Depths:2 | Reached skill level 15 in Translocations
 53396 | Depths:2 | Found a one-way gate leading to the halls of Pandemonium.
 53710 | Depths:2 | Reached skill level 15 in Dodging
 54196 | Depths:2 | Noticed the Enchantress
 54204 | Depths:2 | Killed the Enchantress
 55379 | Depths:2 | Noticed a juggernaut
 55577 | Depths:2 | Found a runed translucent gate.
 55577 | Depths:2 | Found a runed translucent gate.
 55577 | Depths:2 | Found a runed translucent gate.
 55579 | Depths:2 | Identified the amulet "Woebutzi" {Spirit SInv}
 55695 | Depths:2 | Found a runed translucent gate.
 55695 | Depths:2 | Found a runed translucent gate.
 55695 | Depths:2 | Found a runed translucent gate.
 55722 | Depths:2 | Noticed a caustic shrike
 55756 | Depths:2 | Killed a caustic shrike
 55814 | Depths:2 | Killed a juggernaut
 55815 | Depths:2 | Reached XP level 23. HP: 148/195 MP: 1/40
 56954 | Depths:3 | Found a one-way gateway to a ziggurat.
 57429 | Depths:3 | Paralysed by a floating eye for 2 turns
 57572 | Depths:3 | Got Kinusma's Incunable of the Atmosphere and Momentum
 57592 | Depths:3 | Noticed a juggernaut
 57598 | Depths:3 | Banished a juggernaut
 58598 | Depths:3 | Found a corrupted altar of Lugonu.
 58599 | Depths:3 | Found a one-way gate to the infinite horrors of the Abyss.
 58606 | Depths:3 | Acquired 995 gold pieces
 58608 | Depths:3 | Acquired the Tractate on Destined Ice
 58619 | Depths:3 | Learned a level 8 spell: Discord
 58647 | Depths:4 | Entered Level 4 of the Depths
 58688 | Depths:4 | Noticed a juggernaut
 58826 | Depths:4 | Found a runed translucent gate.
 58826 | Depths:4 | Found a runed translucent gate.
 58826 | Depths:4 | Found a runed translucent gate.
 58832 | Depths:4 | Killed a juggernaut
 58835 | Depths:4 | Found an ancient bone altar of Kikubaaqudgha.
 58835 | Depths:4 | Noticed an ancient lich
 58835 | Depths:4 | Noticed a dread lich
 58837 | Depths:4 | Noticed Puodgh's ghost (adept MfGl)
 58839 | Depths:4 | Noticed Jyprain's ghost (veteran DrFE)
 58935 | Depths:4 | Noticed Xtahua
 59140 | Depths:4 | Killed Xtahua
 59192 | Depths:4 | Found a gate to the Realm of Zot.
 59200 | Depths:4 | Noticed a juggernaut
 59230 | Depths:4 | Killed a juggernaut
 59508 | Depths:4 | Reached skill level 18 in Hexes
 60020 | Depths:4 | Reached XP level 24. HP: 203/203 MP: 40/40
 60040 | Depths:4 | Noticed Boris
 60042 | Depths:4 | Killed Boris
 60342 | Depths:4 | Found an ornate altar of the Wu Jian Council.
 60344 | Depths:4 | Found a shadowy altar of Dithmenos.
 60344 | Depths:4 | Found a hazy altar of Hepliaklqana.
 60346 | Depths:4 | Found a sparkling altar of Nemelex Xobeh.
 60346 | Depths:4 | Found an ornate altar of the Wu Jian Council.
 60346 | Depths:4 | Found a shimmering altar of Xom.
 60855 | Elf:2    | Bought a slimy short sword for 176 gold pieces
 60855 | Elf:2    | Identified the +5 short sword of Wyrd {flame, rF+ Dex+2}
                  | (You bought it in a shop on level 2 of the Elven Halls)
 61333 | Elf:2    | Gained mutation: You do not regenerate when monsters are
                  | visible. [mutagenic glow]
 61341 | Elf:2    | Gained mutation: Your body sometimes deteriorates upon
                  | taking damage. [mutagenic glow]
 61352 | Elf:2    | Gained mutation: Your spells are a little easier to cast,
                  | but a little less powerful. [mutagenic glow]
 61422 | Elf:2    | Lost mutation: Your body sometimes deteriorates upon taking
                  | damage. [potion of mutation]
 61422 | Elf:2    | Lost mutation: You do not regenerate when monsters are
                  | visible. [potion of mutation]
 61422 | Elf:2    | Gained mutation: You have hidden genetic defects. [potion
                  | of mutation]
 61423 | Elf:2    | Lost mutation: You have hidden genetic defects. [potion of
                  | mutation]
 61423 | Elf:2    | Lost mutation: Your spells are a little easier to cast, but
                  | a little less powerful. [potion of mutation]
 61423 | Elf:2    | Gained mutation: You have a pair of small horns on your
                  | head. [potion of mutation]
 61423 | Elf:2    | Gained mutation: You possess an exceptional clarity of
                  | mind. [potion of mutation]
 61871 | Depths:4 | Killed Jyprain's ghost
 61873 | Depths:4 | Killed Puodgh's ghost
 61874 | Depths:4 | Killed a dread lich
 61876 | Depths:4 | Killed an ancient lich
 61886 | Depths:4 | Identified the +0 pair of boots "Joplavog" {rElec}
 61893 | Depths:4 | Identified the ring of Jeocecy Olyc {*Slow rF+ Will+ MP+9}
 61967 | Depths:3 | Learned a level 1 spell: Apportation
 61968 | Depths:3 | Voluntarily entered the Abyss.
 62040 | Abyss:1  | Reached skill level 19 in Hexes
 62061 | Depths:3 | Escaped the Abyss
 62254 | Depths:3 | Voluntarily entered the Abyss.
 62275 | Abyss:2  | Found a corrupted altar of Lugonu.
 62388 | Abyss:2  | Lost mutation: You possess an exceptional clarity of mind.
                  | [a neqoxec]
 62910 | Abyss:3  | Noticed an ancient lich
 62917 | Abyss:3  | Killed an ancient lich
 62947 | Abyss:3  | Got an abyssal rune of Zot
 62956 | Depths:3 | Escaped the Abyss
 63063 | Zot:1    | Entered Level 1 of the Realm of Zot
 63075 | Zot:2    | Noticed Meskin's ghost (legendary DjCj)
 63075 | Zot:2    | Found a runed translucent door.
 63250 | Zot:3    | Reached skill level 20 in Hexes
 63390 | Zot:4    | Noticed Parghit
 63397 | Zot:4    | Killed Parghit
 64115 | Zot:5    | Entered Level 5 of the Realm of Zot
 64693 | Zot:5    | Reached XP level 25. HP: 193/210 MP: 40/41
 64995 | Zot:5    | Noticed an ancient lich
 65011 | Zot:5    | Killed an ancient lich
 65011 | Zot:5    | Noticed a Killer Klown
 65012 | Zot:5    | Reached skill level 21 in Hexes
 65013 | Zot:5    | Killed a Killer Klown
 65013 | Zot:5    | Noticed an orb of fire
 65013 | Zot:5    | Noticed an orb of fire
 65013 | Zot:5    | Gained mutation: You are clumsy. (Dex -2) [an orb of fire]
 65014 | Zot:5    | Noticed a Killer Klown
 65016 | Zot:5    | Gained mutation: You are weak. (Str -2) [an orb of fire]
 65016 | Zot:5    | Gained mutation: Your spells are a little easier to cast,
                  | but a little less powerful. [an orb of fire]
 65016 | Zot:5    | Noticed an orb of fire
 65022 | Zot:5    | Gained mutation: You occasionally lose the ability to drink
                  | potions when taking damage. [an orb of fire]
 65023 | Zot:5    | Killed a Killer Klown
 65023 | Zot:5    | Gained mutation: Potions are less effective at restoring
                  | your health. [an orb of fire]
 65028 | Zot:5    | Killed an orb of fire
 65029 | Zot:5    | Noticed an orb of fire
 65031 | Zot:5    | Noticed an orb of fire
 65036 | Zot:5    | Reached skill level 15 in Stealth
 65073 | Zot:5    | Noticed an orb of fire
 65091 | Zot:5    | Killed an orb of fire
 65094 | Zot:5    | Gained mutation: You are very weak. (Str -4) [an orb of
                  | fire]
 65098 | Zot:5    | Killed an orb of fire
 65107 | Zot:5    | Noticed an orb of fire
 65115 | Zot:5    | Gained mutation: Your spells are easier to cast, but less
                  | powerful. [mutagenic glow]
 65398 | Zot:4    | Lost mutation: You are very weak. (Str -4) [potion of
                  | mutation]
 65398 | Zot:4    | Lost mutation: You are clumsy. (Dex -2) [potion of
                  | mutation]
 65398 | Zot:4    | Gained mutation: Your natural rate of healing is unusually
                  | fast. [potion of mutation]
 65398 | Zot:4    | Gained mutation: You are somewhat resistant to further
                  | mutation. [potion of mutation]
 65399 | Zot:4    | Lost mutation: You are somewhat resistant to further
                  | mutation. [potion of mutation]
 65399 | Zot:4    | Lost mutation: Potions are less effective at restoring your
                  | health. [potion of mutation]
 65399 | Zot:4    | Lost mutation: Your natural rate of healing is unusually
                  | fast. [potion of mutation]
 65399 | Zot:4    | Gained mutation: Your natural rate of healing is unusually
                  | fast. [potion of mutation]
 65399 | Zot:4    | Gained mutation: You are agile. (Dex +4, Str/Int -1)
                  | [potion of mutation]
 65400 | Zot:4    | Lost mutation: You are agile. (Dex +4, Str/Int -1) [potion
                  | of mutation]
 65400 | Zot:4    | Lost mutation: You are weak. (Str -2) [potion of mutation]
 65400 | Zot:4    | Lost mutation: You occasionally lose the ability to drink
                  | potions when taking damage. [potion of mutation]
 65400 | Zot:4    | Gained mutation: You are frail. (-10% HP) [potion of
                  | mutation]
 65401 | Zot:4    | Lost mutation: Your spells are easier to cast, but less
                  | powerful. [potion of mutation]
 65401 | Zot:4    | Lost mutation: Your spells are a little easier to cast, but
                  | a little less powerful. [potion of mutation]
 65401 | Zot:4    | Gained mutation: You are clumsy. (Dex -2) [potion of
                  | mutation]
 65401 | Zot:4    | Lost mutation: You are frail. (-10% HP) [potion of
                  | mutation]
 65401 | Zot:4    | Gained mutation: You have an increased reservoir of magic.
                  | (+10% MP) [potion of mutation]
 65468 | Zot:5    | Killed an orb of fire
 65911 | Zot:5    | Killed an orb of fire
 65912 | Zot:5    | Killed an orb of fire
 65994 | Zot:5    | Killed an orb of fire
 66201 | Zot:5    | Noticed a dread lich
 66216 | Zot:5    | Killed a dread lich
 66448 | Zot:5    | Noticed a Killer Klown
 66460 | Zot:5    | Noticed a Killer Klown
 66468 | Zot:5    | Killed a Killer Klown
 66481 | Zot:5    | Killed a Killer Klown
 66657 | Zot:5    | Noticed an orb of fire
 66666 | Zot:5    | Killed an orb of fire
 66670 | Zot:5    | Noticed an orb of fire
 66688 | Zot:5    | Gained mutation: You occasionally lose the ability to drink
                  | potions when taking damage. [an orb of fire]
 66690 | Zot:5    | Killed an orb of fire
 66964 | Zot:5    | Got the Orb of Zot
 67581 | D:1      | gg
 67582 | D:$      | Escaped with the Orb!

Illustrated notes

.............##...#.......####.##
..............##..###.#.........#
...............#..# #.###########
.............8.#..# #.#
...............#..# #.#
....§.........##..###.#
...§.........##...#...#
.§§§.§§......#....#.###
.§§§§§§......'..@.'.#
.§§§§§§......#....#.#
#########.#..##...#.# #
#.#...##..#.#
#########.#....#..#.#
#.........#..8.#..#.#
#....######....#..#.# #....####
#...##..#.# #.......# #..##...#.#


Turn 67581 on D:1: gg

Levels and vault maps discovered:
D:1:      giann_horns, layout_basic, serial_shops, nicolae_shop_stone
D:2:      layout_rooms, basic_altar, uniq_crazy_yiuf_cottage, uniq_jessica
D:3:      layout_rooms, nicolae_vehumet_radiance,
          amcnicky_mini_rare_corridor_liquid
D:4:      layout_loops_cross, kennysheep_mini_moat, portal_sewer_entry_b,
          minmay_manual_mares, uniq_duvessa, uniq_edmund, uniq_pikel
D:5:      gammafunk_wand_slinger, layout_loops_corners,
          nicolae_elyvilon_temple_path, minmay_temple_entry_trees
D:6:      layout_loops_ring, grunt_potential
D:7:      cheibrodos_fzero, layout_rooms, serial_shops, nicolae_shop_stone,
          shop_statue, nicolae_shop_stone, nicolae_shop_waterfront,
          nicolae_shop_crystal, grunt_ministairs_7
D:8:      layout_loops_ring, grunt_temple_overflow_bloody_war,
          grunt_temple_overflow_forces_of_nature, kennysheep_vampire_church,
          lemuel_blue_sif_altar, mainiacjoe_overflow_tiny_flanked,
          hangedman_abyss_or_decor_stabs, nicolae_kite_square_tiling_tiny,
          minmay_manual_monolith, uniq_erica
D:9:      layout_cave_pools, evilmike_ruin_ashenzari, hiddenorc2_lemuel,
          roderic_batcave, st_stairs_6, lightli_orcish_oven
D:10:     layout_cave_pools, uniq_maggie, uniq_snorg, uniq_lodul
D:11:     minmay_chambers_of_sevens, layout_basic, david_lair_shrubbed,
          minmay_orc_keep, uniq_maurice, uniq_nergalle, uniq_erolcha
D:12:     layout_basic, uniq_psyche, uniq_nessos
D:13:     minmay_crescents, layout_long_grid
D:14:     hellmonk_ruined_rings, layout_loops_ring, david_vaults_4
D:15:     grunt_enter_depths_magical_seal, layout_small_grid,
          nicolae_lava_and_water, trog_butcher_becter
Temple:   hellmonk_temple_of_storms
Lair:1:   layout_gridlike, grunt_forest_large_clearing_hut,
          infiniplex_staircase_pool_2, uniq_harold
Lair:2:   layout_gridlike, grunt_megastairs_2
Lair:3:   layout_cave_pods, nicolae_swamp_entry_spooky,
          hellmonk_spider_entry_life_and_decay, lemuel_altar_in_water2
Lair:4:   nzn_winding_woodlands_medium [nzn_winding_woodlands_5x5_three,
          nzn_winding_woodlands_5x15_concentric,
          nzn_winding_woodlands_hourglass, nzn_winding_woodlands_5x5_cross,
          nzn_winding_woodlands_center_garden,
          nzn_winding_woodlands_5x5_checkerboard,
          nzn_winding_woodlands_5x5_perimeter,
          nzn_winding_woodlands_5x15_longhouse,
          nzn_winding_woodlands_5x5_default], layout_small_grid,
          nicolae_lair_lakeside_cave, uniq_kirke, uniq_sonja
Lair:5:   hangedman_lair_caniforms_friends, layout_gridlike, wormcave,
          slime_entry_1, minmay_lair_oklob_bushes, grunt_megastairs_5
Swamp:1:  layout_basic_swamp, evilmike_swamp_ruin_wall
Swamp:2:  layout_falls_marsh, nicolae_swamp_small_spring, swamp_pool2,
          infiniplex_staircase_pool, uniq_louise
Swamp:3:  layout_basic_swamp, evilmike_swamp_ruin_house_2, swamp_pool1
Swamp:4:  swamp_alternative, layout_basic_swamp
Spider:1: layout_spider_delve, ebering_ghost_reflecting_pool
Spider:2: layout_spider_delve, hangedman_spider_tarantella_strand
Spider:3: layout_chambers
Spider:4: spider_rune_water, nicolae_spider_bug_shape
Orc:1:    layout_diamond_mine, ebering_ghost_disaster_area,
          nicolae_orc_bridge_out, nicolae_orc_rich_vein
Orc:2:    hellmonk_orc_salted, layout_caves, basic_altar
Elf:1:    elf_arrival_001, layout_rooms, hangedman_elven_crosses_minicolossus,
          kilobyte_mutagenic_chamber
Elf:2:    elven_hall_of_blades_hangedman_original [nicolae_blade_bullseye],
          layout_gridlike, serial_shops, shop, shop,
          nicolae_shop_hallway_stairs, shop_fountains
Elf:3:    minmay_elf_hall_golems, layout_geoelf_grid
Vaults:1: vaults_dpeg_hooks, vaults_room_large_hall, ontoclasm_vaults_gateway,
          v_misc_24, vaults_dpeg_emergency_exit, grunt_vaults_hallway_short,
          nicolae_vaults_statue_guard, layout_vaults_quadrants
Vaults:2: vaults_room_hallway, grunt_vaults_focal, vaults_room_fancy_cross,
          grunt_vaults_hallway_short, nicolae_vaults_little_squares_3,
          hangedman_vaults_trim, vaults_standard_mumra_x,
          hangedman_vaults_nails, ontoclasm_vaults_tryst,
          nicolae_vaults_little_squares_5, minmay_crypt_entry_simple_round,
          vaults_dpeg_doors, ontoclasm_vaults_ring_small,
          layout_vaults_omnicross
Vaults:3: nicolae_vaults_ninety_degrees, nicolae_vaults_what_the_h,
          hangedman_vaults_impose, vaults_room_stairs_pillars,
          vaults_room_pools, nicolae_vaults_ring_of_whatevers,
          layout_vaults_chaotic_city, serial_shops,
          nicolae_shop_competitors_out_of_business, uniq_asterion
Vaults:4: portal_desolation_entry_ruin, v_misc_22, vaults_room_boxed, v_misc_31,
          v_misc_5, nicolae_vaults_big_ls, v_misc_1,
          nicolae_vaults_border_crossing, serial_ice_g, layout_vaults_maze_bifur
Depths:1: layout_cave_pools, hellmouth_1, minmay_evil_grid
Depths:2: kennysheep_treasure_stockpile, layout_gridville,
          hangedman_decor_riveting, rand_demon_pan_entry_9, serial_shops, shop,
          hellmouth_3, serial_bayou_shore_a, uniq_enchantress
Depths:3: grunt_twisty_corner, layout_basic, enter_ziggurat_c, serial_aquarium,
          aquarium_bridge_square [aquarium_subvault_wall,
          aquarium_subvault_balcony, aquarium_subvault_bridge,
          aquarium_subvault_balcony], aquarium_bridge_square
          [aquarium_subvault_window, aquarium_subvault_bridge,
          aquarium_subvault_balcony, aquarium_subvault_bridge],
          aquarium_window_2, aquarium_window_3, aquarium_window_1,
          aquarium_window_fake, aquarium_view_2d, aquarium_view_2d, hell_entry,
          abyss_entry_flame_altar
Depths:4: evilmike_zot_entry_argh, layout_cave_shapes, doesnt_xom_only_xom,
          pf_hell_entry_great_geh, gammafunk_ghost_crypt, bh_walls_and_bars,
          uniq_xtahua, uniq_boris
Zot:1:    layout_concentric_octagons
Zot:2:    layout_gridlike, gammafunk_ghost_grave
Zot:3:    layout_misc_corridors
Zot:4:    grunt_twist_and_shout, layout_onion_interference, uniq_parghit
Zot:5:    layout_twisted_circle, hangedman_zot_diagonal_lockstep,
          grunt_ministairs_9

Skill      XL: |  1  2  3  4  5  6  7  8  9 10 11 12 13 14 15 16 17 18 19 20 21 22 23 24 25 |
---------------+----------------------------------------------------------------------------+-----
Translocations | 1 2 8 10 12 15 | 15.0
Conjurations   | 4 5 7 10 | 10.0
Fighting       | 3 4 6 8 10 11 12 13 14 | 14.0
Spellcasting   | 3 5 8 10 12 13 14 | 14.0
Shields        | 2 4 7 |  7.0
Ice Magic      | 1 3 5 7 |  7.0
Long Blades    | 5 7 |  7.9
Invocations    | 6 8 9 12 13 14 15 17 18 20 | 20.0
Short Blades   | 1 5 8 12 13 | 13.1
Dodging        | 7 10 11 12 14 18 20 | 20.0
Evocations     | 6 |  6.0
Hexes          | 9 10 15 17 18 20 21 | 21.0
Summonings     | 5 8 |  8.0
Air Magic      | 5 |  5.0
Stealth        | 2 12 14 17 | 17.7
Transmutations | 7 |  7.0

Action                     |  1- 3 |  4- 6 |  7- 9 | 10-12 | 13-15 | 16-18 | 19-21 | 22-24 | 25-27 || total
---------------------------+-------+-------+-------+-------+-------+-------+-------+-------+-------++-------
  Melee: Falchion          |    73 |     8 |       |       |       |       |       |       |       ||    81
         Tailslap          |     5 |    10 |    45 |   157 |   365 |   197 |   310 |   432 |   118 ||  1639
         Dagger            |       |   121 |   323 |   642 |    36 |       |       |       |       ||  1122
         Rapier            |       |       |       |   319 |  1682 |  1469 |  2058 |   806 |   426 ||  6760
         Short sword       |       |       |       |       |       |       |       |  1387 |       ||  1387
         Headbutt          |       |       |       |       |       |       |       |   219 |   130 ||   349
  Throw: Dart              |       |     2 |       |     6 |       |       |       |       |       ||     8
   Cast: Momentum Strike   |     5 |     3 |     5 |     1 |       |       |       |       |       ||    14
         Ozocubu's Armour  |       |       |     1 |     3 |     3 |     3 |     1 |       |       ||    11
         Hailstorm         |       |       |       |     1 |       |       |       |     3 |       ||     4
         Manifold Assault  |       |       |       |       |    24 |   309 |   373 |   340 |    44 ||  1090
         Confusing Touch   |       |       |       |       |       |    10 |     1 |       |     1 ||    12
         Enfeeble          |       |       |       |       |       |       |     4 |       |       ||     4
         Summon Mana Viper |       |       |       |       |       |       |     2 |     1 |       ||     3
         Vhi's Electric Ch |       |       |       |       |       |       |    14 |    28 |    15 ||    57
         Irradiate         |       |       |       |       |       |       |     7 |    22 |    17 ||    46
         Wereblood         |       |       |       |       |       |       |       |     2 |       ||     2
 Invoke: Stomp             |       |       |       |     2 |     5 |     1 |     5 |       |       ||    13
         Line Pass         |       |       |       |     7 |     2 |       |       |     3 |     1 ||    13
         Grand Finale      |       |       |       |       |     3 |     1 |     6 |     8 |     7 ||    25
Ability: Breathe Dispellin |       |       |       |     3 |     1 |       |       |       |       ||     4
  Evoke: Wand              |       |       |       |    15 |     6 |       |       |     9 |     5 ||    35
         Phial of floods   |       |       |       |     1 |     1 |       |     1 |       |       ||     3
         Condenser vane    |       |       |       |       |       |       |     2 |       |       ||     2
         Tin of tremorston |       |       |       |       |       |       |       |     1 |       ||     1
    Use: Scroll            |     1 |     5 |     5 |    15 |    10 |     5 |     8 |    10 |     4 ||    63
         Potion            |       |       |     4 |     4 |       |     2 |     3 |     5 |    15 ||    33
   Stab: Sleeping          |     1 |       |     1 |       |     3 |       |    22 |    10 |       ||    37
         Distracted        |       |     1 |       |       |     1 |       |     3 |     7 |     1 ||    13
         Paralysed         |       |       |     4 |    41 |    93 |    86 |   155 |   133 |    31 ||   543
         Fleeing           |       |       |       |     1 |       |       |       |       |       ||     1
         Confused          |       |       |       |     1 |       |     9 |       |     2 |       ||    12
         Invisible         |       |       |       |     1 |       |       |     2 |       |       ||     3
 Armour: Skin              |    16 |    36 |   110 |   108 |   259 |   161 |   211 |   208 |    53 ||  1162
  Dodge: Dodged            |    63 |    80 |   177 |   514 |  1149 |   766 |   879 |  1235 |   250 ||  5113
  Block: Buckler           |     3 |    15 |    57 |   290 |   648 |   286 |   307 |   383 |    67 ||  2056
         Reflection        |       |       |       |    18 |     8 |       |       |       |       ||    26

Table legend: (Time is in decaauts)
 A = Elapsed time spent in this place.
 B = Non-inter-level travel time spent in this place.
 C = Inter-level travel time spent in this place.
 D = Time resting spent in this place.
 E = Time spent auto-exploring this place.
 F = Levels seen in this place.
 G = Mean time per level.
                   A        B        C        D        E       F      G
               +--------+--------+--------+--------+--------+-----+--------+
         Total |  64510 |  59956 |   4554 |  22804 |  23947 |  53 | 1217.2 |
       Dungeon |  18190 |  16067 |   2123 |   4425 |   7692 |  15 | 1212.7 |
        Temple |     48 |     29 |     19 |      0 |      0 |   1 |   48.0 |
          Lair |   6721 |   6268 |    453 |   1532 |   3172 |   5 | 1344.2 |
         Swamp |   4643 |   4504 |    139 |   2374 |   1434 |   4 | 1160.8 |
   Spider Nest |   5831 |   5575 |    256 |   2584 |   2104 |   4 | 1457.8 |
  Orcish Mines |   1593 |   1361 |    232 |    186 |    924 |   2 |  796.5 |
   Elven Halls |   5479 |   5044 |    435 |   2408 |   1488 |   3 | 1826.3 |
        Vaults |   7563 |   7379 |    184 |   3281 |   3062 |   4 | 1890.8 |
        Depths |   8615 |   8198 |    417 |   3904 |   2561 |   4 | 2153.8 |
           Zot |   3595 |   3302 |    293 |   1439 |    924 |   5 |  719.0 |
         Abyss |    665 |    665 |      0 |     14 |    184 |   4 |  166.2 |
         Sewer |    209 |    209 |      0 |    113 |     33 |   1 |  209.0 |
    Desolation |   1354 |   1354 |      0 |    542 |    367 |   1 | 1354.0 |
               +--------+--------+--------+--------+--------+-----+--------+

Top non-repeatable levels by time:
Depths:2: 2786 daAuts
Depths:3: 2548 daAuts
Vaults:1: 2477 daAuts
   Zot:5: 2426 daAuts
  Lair:5: 2348 daAuts
Spider:3: 2236 daAuts
   Elf:3: 2161 daAuts
   Elf:2: 2159 daAuts
Vaults:3: 1838 daAuts
Vaults:4: 1824 daAuts
     D:9: 1677 daAuts
Depths:4: 1656 daAuts
    D:13: 1636 daAuts
Depths:1: 1623 daAuts
    D:11: 1591 daAuts
